 Dungeon Crawl Stone Soup version 0.26.0-7-g794d0892b4 (webtiles) character file.

Game seed: 8949909694855861337

1513 Awod the Covered (level 8, -1/75 HPs)
             Began as a Deep Dwarf Fighter on Jan 11, 2021.
             Slain by a centaur (7 damage)
             ... on level 6 of the Dungeon.
             The game lasted 00:13:08 (3219 turns).

Awod the Covered (Deep Dwarf Fighter)               Turns: 3219, Time: 00:13:09

Health: -1/75      AC: 10    Str: 20 (23) XL:     8   Next: 53%
Magic:  5/5        EV:  8    Int:  6 (8)  God:
Gold:   148        SH: 10    Dex: 10 (12) Spells: 7/7 levels left

rFire    . . .     SeeInvis .   r - +2 war axe (freeze)
rCold    . . .     Faith    .   c - +0 kite shield
rNeg     . . .     Spirit   .   b - +0 scale mail
rPois    .         Reflect  .   (no helmet)
rElec    .         Harm     .   q - +0 cloak
rCorr    .         Rampage  .   (no gloves)
Will     +....                  p - +0 pair of boots
Stlth    ..........             (no amulet)
HPRegen  0.00/turn              (no ring)
MPRegen  0.09/turn              (no ring)

@: lethally poisoned (-1 -> -1), flying, non-regenerating
A: damage resistance, heal wounds, sense surroundings 1, no regeneration
a: Heal Wounds


You were on level 6 of the Dungeon.
You visited 1 branch of the dungeon, and saw 6 of its levels.

You collected 148 gold pieces.


Innate Abilities, Weirdness & Mutations

You are resistant to damage.
You can heal yourself by infusing magical energy.
You passively map a small area around you.
You do not regenerate.


   Skills:
 + Level 5.5 Fighting
 + Level 6.2 Axes
 + Level 6.7 Armour
 + Level 6.6 Shields


You had 7 spell levels left.
You didn't know any spells.
Your spell library contained the following spells:

 Spells                   Type           Power        Failure   Level
 Animate Skeleton         Necr           0%           98%         1
 Apportation              Tloc           0%           98%         1
 Corona                   Hex            0%           98%         1
 Pain                     Necr           0%           98%         1
 Summon Small Mammal      Summ           0%           98%         1

Inventory:

Hand Weapons
 r - a +2 war axe of freezing (weapon)
Missiles
 a - a throwing net {=f}
 j - 114 stones (quivered)
 l - 16 javelins
Armour
 b - a +0 scale mail (worn)
 c - a +0 kite shield (worn)
 o - a cursed +0 buckler
 p - a +0 pair of boots (worn)
 q - a +0 cloak (worn)
Magical Staves
 k - a cursed staff of cold {!a, unknown}
Wands
 t - a wand of flame (28)
Scrolls
 f - 7 scrolls of remove curse {@r2}
 h - a scroll of random uselessness {unknown}
 i - 2 scrolls of identify {@r1}
 n - 3 scrolls of teleportation {@r4}
Potions
 g - 3 potions of attraction

Dungeon Overview and Level Annotations

Branches:
Dungeon (7/15)
 Temple: D:4-7

Altars:
Elyvilon
Kikubaaqudgha
Ru
Sif Muna
Trog

Annotations:
D:3 exclusion: downstairs

, , , ,, *, , ,
, ,...# , , *
... , , * ..##,
, . #... *,.. ,
* , * ..#*###...
, .#. ,
#.##......, *
....###..ho....#
,, ,
...#....@Z......
.......>!c.#....
,
....####........
.. * #........
*#........, * ,
,* ,, *#..#..>.#
, , , *######..#
,, , ### *, ,* *


You could see an orc warrior, a black bear (berserk), a centaur and a bullfrog
zombie.


Message History

The black bear claws you but does no damage.
You block the black bear's attack.
The bullfrog zombie hits you but does no damage.
The centaur closely misses you. The black bear bites you!
* * * LOW HITPOINT WARNING * * *
The black bear claws you.
* * * LOW HITPOINT WARNING * * *
The black bear claws you but does no damage.
The bullfrog zombie closely misses you. You block the centaur's attack.
The orc warrior hits you from afar with a +0 halberd!
* * * LOW HITPOINT WARNING * * *
Unknown command.
Your magical essence is drained by the effort!
You feel much better. The black bear bites you.
* * * LOW HITPOINT WARNING * * *
The black bear claws you.
* * * LOW HITPOINT WARNING * * *
The black bear claws you but does no damage.
The bullfrog zombie hits you but does no damage.
The centaur hits you but does no damage.
The black bear bites you.
The black bear claws you but does no damage. x2
You fail to use your ability.
The centaur hits you but does no damage.
You block the bullfrog zombie's attack.
The orc warrior hits you from afar with a +0 halberd!
* * * LOW HITPOINT WARNING * * *
The black bear bites you. The black bear claws you.
You block the black bear's attack. The centaur hits you!
You die...

Skill      XL: |  1  2  3  4  5  6  7  8 |
---------------+-------------------------+-----
Fighting       | 3 4 5 |  5.5
Axes           | 3 4 5 6 |  6.2
Armour         | 4 5 6 |  6.7
Shields        | 4 5 6 |  6.6

Action                   |  1- 3 |  4- 6 |  7- 9 || total
-------------------------+-------+-------+-------++-------
Melee: War axe           |   140 |   127 |   123 ||   390
Throw: Stone             |    60 |    59 |    14 ||   133
 Abil: Heal Wounds       |       |     2 |     6 ||     8
  Use: Scroll            |       |     3 |       ||     3
       Potion            |       |     6 |     6 ||    12
Armor: Scale mail        |    81 |    51 |    92 ||   224
       Skin              |       |     9 |    21 ||    30
Dodge: Dodged            |    48 |    39 |    73 ||   160
Block: Kite shield       |    75 |    60 |   116 ||   251

Levels and vault maps discovered:
D:1:      scummos_arrival_hexagon, layout_loops_ring
D:2:      layout_basic, nicolae_ru_the_path_less_chosen
D:3:      layout_rooms, lemuel_crystal_altar, hangedman_decor_lopped
D:4:      layout_loops_ring, serial_aquarium, aquarium_bridge_straight
          [aquarium_subvault_bridge, aquarium_subvault_wall,
          aquarium_subvault_bridge, aquarium_subvault_window],
          aquarium_bridge_straight [aquarium_subvault_bridge,
          aquarium_subvault_window, aquarium_subvault_bridge,
          aquarium_subvault_window], aquarium_window_2, aquarium_window_1,
          aquarium_window_1, aquarium_window_2, aquarium_view_2c,
          aquarium_pool_1, serial_shops, kennysheep_mini_moat, uniq_eustachio,
          uniq_ijyb
D:6:      layout_cave_pools, st_stairs_4, nicolae_lava_and_water
D:7:      kennysheep_slugbush, layout_cave_pools, elyvilon_altar_5,
          nzn_overflow_gifts_of_might_and_magic, serial_bayou_ford_a

Notes
Turn   | Place    | Note
-------+----------+-------------------------------------------
     0 | D:1      | Awod the Deep Dwarf Fighter began the quest for the Orb.
     0 | D:1      | Reached XP level 1. HP: 20/20 MP: 1/1
   209 | D:1      | Reached XP level 2. HP: 27/27 MP: 2/2
   405 | D:1      | Reached skill level 3 in Fighting
   479 | D:1      | Reached XP level 3. HP: 34/34 MP: 3/3
   850 | D:2      | Found a sacrificial altar of Ru.
  1374 | D:3      | Found an ancient bone altar of Kikubaaqudgha.
  1405 | D:3      | Reached skill level 3 in Axes
  1434 | D:3      | Reached skill level 4 in Armour
  1434 | D:3      | Reached XP level 4. HP: 35/42 MP: 4/4
  1655 | D:3      | Reached skill level 4 in Shields
  1855 | D:4      | Noticed an ogre
  1983 | D:4      | Reached XP level 5. HP: 26/49 MP: 5/5
  2118 | D:4      | Noticed a phantom
  2193 | D:4      | Killed a phantom
  2194 | D:4      | Reached skill level 4 in Fighting
  2194 | D:4      | Reached skill level 4 in Axes
  2194 | D:4      | Reached XP level 6. HP: 18/57 MP: 6/6
  2333 | D:4      | Reached skill level 5 in Armour
  2333 | D:4      | Reached skill level 5 in Shields
  2368 | D:4      | Noticed Eustachio
  2389 | D:4      | Killed Eustachio
  2390 | D:4      | Reached XP level 7. HP: 42/66 MP: 7/7
  2622 | D:4      | Reached skill level 5 in Axes
  2648 | D:4      | You fall into a shaft and drop 3 floors!
  2648 | D:7      | Found a bloodstained altar of Trog.
  2670 | D:7      | Found a shimmering blue altar of Sif Muna.
  2673 | D:7      | Identified Sif Muna's Volume of Necromancy
  2681 | D:7      | Found a white marble altar of Elyvilon.
  2707 | D:7      | Reached skill level 6 in Armour
  2787 | D:7      | Reached skill level 5 in Fighting
  2807 | D:7      | Reached skill level 6 in Shields
  2807 | D:7      | Reached XP level 8. HP: 26/74 MP: 8/8
  3189 | D:7      | Reached skill level 6 in Axes
  3201 | D:6      | HP: 7/75 [orc warrior/+0 halberd (17)]
  3217 | D:6      | HP: 3/75 [orc warrior/+0 halberd (9)]
  3219 | D:6      | Slain by a centaur

Vanquished Creatures
  Eustachio (D:4)
  An orc warrior (D:7)
  A phantom (D:4)
  An ogre (D:4)
  A centaur (D:7)
  A scorpion (D:7)
  7 killer bees
  A centaur zombie (D:7)
  A howler monkey (D:4)
  A hound (D:4)
  4 orc priests
  A bullfrog skeleton (D:7)
  4 orc wizards
  4 worker ants
  A hound skeleton (D:4)
  4 gnolls (D:4)
  4 adders
  An ooze (D:1)
  3 dart slugs (D:7)
  2 leopard geckos (D:1)
  22 orcs
  2 ball pythons
  5 giant cockroaches
  2 goblins (D:2)
  8 hobgoblins
  8 jackals
  3 quokkas
  8 bats
  6 frilled lizards
  9 kobolds
  A leopard gecko skeleton (D:7)
  14 rats
132 creatures vanquished.

Vanquished Creatures (others)
  3 fungi (D:4)
  9 plants (D:7)
12 creatures vanquished.

Grand Total: 144 creatures vanquished

Table legend: (Time is in decaauts)
 A = Elapsed time spent in this place.
 B = Non-inter-level travel time spent in this place.
 C = Inter-level travel time spent in this place.
 D = Time resting spent in this place.
 E = Time spent auto-exploring this place.
 F = Levels seen in this place.
 G = Mean time per level.
                   A        B        C        D        E       F      G
               +--------+--------+--------+--------+--------+-----+--------+
         Total |   3384 |   3262 |    122 |    135 |   1543 |   6 |  564.0 |
       Dungeon |   3384 |   3262 |    122 |    135 |   1543 |   6 |  564.0 |
               +--------+--------+--------+--------+--------+-----+--------+

Top non-repeatable levels by time:
     D:1: 760 daAuts
     D:4: 740 daAuts
     D:3: 679 daAuts
     D:2: 607 daAuts
     D:7: 571 daAuts
     D:6: 24 daAuts

Table legend:
 A = Non-vault XP
 B = Vault XP
 C = Vault XP percentage of total XP
 D = Non-vault monster count
 E = Vault monster count
 F = Vault count percentage of total count
                 A         B        C        D         E       F
            +---------+---------+-------+---------+---------+-------
      Total |    1775 |     387 |  17.9 |     126 |       6 |   4.5
            +---------+---------+-------+---------+---------+-------
        D:1 |      44 |       0 |   0.0 |      25 |       0 |   0.0
        D:2 |      40 |       0 |   0.0 |      20 |       0 |   0.0
        D:3 |      59 |       0 |   0.0 |      26 |       0 |   0.0
        D:4 |     724 |     208 |  22.3 |      26 |       1 |   3.7
        D:6 |     219 |       0 |   0.0 |       9 |       0 |   0.0
        D:7 |     689 |     179 |  20.6 |      20 |       5 |  20.0
            +---------+---------+-------+---------+---------+-------
